 Dungeon Crawl Stone Soup version 0.25-a0-667-gb977e01cb5 (webtiles) character file.

Game seed: 15439379077288901568, levelgen mode: deterministic

3981 DasRunzen the Fighter (level 10, -18/80 HPs)
             Began as a Demonspawn Fighter on Mar 27, 2020.
             Was a Priest of Okawaru.
             Demolished by a komodo dragon (24 damage)
             ... on level 8 of the Dungeon.
             The game lasted 00:23:24 (6679 turns).

DasRunzen the Fighter (Demonspawn Fighter)          Turns: 6679, Time: 00:23:25

Health: -18/80     AC: 21    Str: 20    XL:     10   Next: 2%
Magic:  15/15      EV:  9    Int: 10    God:    Okawaru [***...]
Gold:   329        SH:  0    Dex: 12    Spells: 9/9 levels left

rFire    . . .     SeeInvis .   a - +1 scythe
rCold    . . .     Gourm    .   (shield currently unavailable)
rNeg     . . .     Faith    .   b - +1 scale mail
rPois    +         Spirit   .   (helmet restricted)
rElec    .         Reflect  .   o - +2 cloak {rPois}
rCorr    .         Harm     .   (no gloves)
MR       .....                  (no boots)
Stlth    ..........             (no amulet)
HPRegen  0.23/turn              k - ring of wizardry
MPRegen  0.14/turn              (no ring)

@: sanguine armour
A: horns 1, spiny 1, sanguine armour 2
a: Heroism, Renounce Religion


You were on level 8 of the Dungeon.
You worshipped Okawaru.
Okawaru was most pleased with you.
You were not hungry.

You visited 2 branches of the dungeon, and saw 9 of its levels.
You also visited: Sewer.

You collected 329 gold pieces.

Inventory:

Hand Weapons
 a - a +1 scythe (weapon)
Armour
 b - a +1 scale mail (worn)
 o - a +2 cloak of poison resistance (worn)
Jewellery
 c - a +5 ring of evasion {unknown}
 j - an uncursed ring of magical power
 k - a ring of wizardry (left hand)
 y - a cursed ring of attention {unknown}
Wands
 m - a wand of digging (4)
 z - a wand of acid (8)
Scrolls
 e - 2 scrolls of fog
 g - a scroll of fear
 l - 4 scrolls of teleportation
 q - a scroll of remove curse
 w - a scroll of enchant weapon
Potions
 d - 3 potions of might
 h - a potion of resistance
 i - a potion of lignification
 n - a potion of cancellation
 p - 3 potions of magic
 r - 2 potions of flight
 s - a potion of ambrosia {unknown}
 t - 2 potions of brilliance {unknown}
 v - 2 potions of curing
 A - a potion of berserk rage {unknown}
Comestibles
 f - 22 rations


   Skills:
 + Level 8.1 Fighting
 + Level 7.1 Polearms
 + Level 7.4 Armour
   Level 3.8 Shields
 + Level 6.9 Invocations


You had 9 spell levels left.
You didn't know any spells.
Your spell library contained the following spells:

 Spells                   Type           Power        Failure   Level  Hunger
 Magic Dart               Conj           #...         34%         1    ##.....
 Searing Ray              Conj           #.....       47%         2    ###....
 Dazzling Flash           Conj/Hex       #.....       71%         3    ####...
 Fulminant Prism          Conj/Hex       #.........   97%         4    #####..
 Iskenderun's Mystic Bla  Conj/Tloc      #.......     97%         4    #####..


Dungeon Overview and Level Annotations

Branches:
Dungeon (8/15)             Temple (1/1) D:5           Sewer (visited)
   Lair: D:8-11

Altars:
Dithmenos
Elyvilon
Fedhas
Gozag
Makhleb
Nemelex Xobeh
Okawaru
Ru
Trog
Uskayaw
Wu Jian
Xom
Yredelemnul
The Shining One


Innate Abilities, Weirdness & Mutations

You have a pair of small horns on your head.
You are partially covered in sharp spines.
When seriously injured, your bleeding wounds create thick armour. (AC +9)


Message History

* * * LOW HITPOINT WARNING * * *
The komodo dragon bites you but does no damage.
You feel much better. The komodo dragon bites you!
* * * LOW HITPOINT WARNING * * *
You feel much better. The komodo dragon barely misses you.
You slash the komodo dragon!
The komodo dragon is moderately wounded.
The komodo dragon is struck by your spines.
The komodo dragon bites you.
The komodo dragon bites you but does no damage.
You barely miss the komodo dragon.
The komodo dragon is moderately wounded.
The komodo dragon bites you!
You completely miss the komodo dragon.
The komodo dragon is moderately wounded.
The komodo dragon is struck by your spines.
The komodo dragon bites you!!
* * * LOW HITPOINT WARNING * * *
The komodo dragon bites you!!
You die...

# #. ### #.### ##.. ### ####.#
....####...# #.###...####
#......%. .....###..)### ###
######.......
###...#####..###.####..........#.
##### #.....###........#.##..
###...@l.....##.#.## #
#######.####..### ##### ### ####
....# ...## #.## ..#######
.<....... †########


You could see a komodo dragon.

Vanquished Creatures
  Sigmund (D:3)
  A yak (D:7)
  3 hogs (D:7)
  2 wyverns (D:8)
  A human (D:7)
  An acid dragon (D:8)
  Duvessa (D:4)
  2 ice beasts (D:5)
  3 ogres
  A phantom (D:8)
  A necrophage (D:7)
  2 crocodiles (D:8)
  A centaur (D:5)
  2 big kobolds (Sewer)
  A wyvern zombie (D:7)
  Dowan (D:4)
  A scorpion (D:6)
  5 wights (D:5)
  7 killer bees
  A howler monkey (D:6)
  A jelly (D:7)
  2 bullfrog zombies (D:7)
  A gnoll shaman (D:6)
  2 hounds
  Crazy Yiuf (D:6)
  An orc priest (D:3)
  3 orc wizards
  A bullfrog skeleton (D:7)
  6 worker ants
  A howler monkey zombie (D:7)
  Robin (D:3)
  12 adders
  7 gnolls
  2 river rats (Sewer)
  2 shadow imps (D:7)
  4 oozes
  An adder zombie (D:7)
  4 worms
  2 dart slugs
  9 leopard geckos
  15 orcs
  5 ball pythons
  8 bats
  2 giant cockroaches
  12 goblins
  13 hobgoblins
  14 jackals
  18 kobolds
  4 quokkas
  A ball python skeleton (D:4)
  4 frilled lizards
  10 rats
207 creatures vanquished.

Notes
Turn   | Place    | Note
-------+----------+-------------------------------------------
     0 | D:1      | DasRunzen the Demonspawn Fighter began the quest for the
                  | Orb.
     0 | D:1      | Reached XP level 1. HP: 18/18 MP: 1/1
    34 | D:1      | Gained mutation: When seriously injured, your bleeding
                  | wounds create armour. (AC +9) [demonic ancestry]
    34 | D:1      | Reached XP level 2. HP: 16/24 MP: 2/2
   120 | D:1      | Reached XP level 3. HP: 20/29 MP: 3/3
   677 | D:2      | Noticed a +0 dagger
   678 | D:2      | Noticed a -1 dagger
   683 | D:2      | Found a hide-covered altar of Uskayaw.
   744 | D:2      | Gained mutation: You are partially covered in sharp spines.
                  | [demonic ancestry]
   744 | D:2      | Reached XP level 4. HP: 21/36 MP: 4/4
  1540 | D:3      | Noticed Sigmund
  1574 | D:3      | Killed Sigmund
  1574 | D:3      | Reached skill level 4 in Fighting
  1574 | D:3      | Gained mutation: You have a pair of small horns on your
                  | head. [demonic ancestry]
  1574 | D:3      | Reached XP level 5. HP: 17/42 MP: 5/5
  1574 | D:3      | Reached XP level 6. HP: 20/48 MP: 6/6
  1835 | D:3      | Found a sparkling altar of Nemelex Xobeh.
  2114 | D:3      | Noticed Robin
  2124 | D:3      | Killed Robin
  2305 | D:4      | Found a white marble altar of Elyvilon.
  2691 | D:4      | Noticed Duvessa
  2694 | D:4      | Noticed Dowan
  2711 | D:4      | Killed Duvessa
  2735 | D:4      | Killed Dowan
  2735 | D:4      | Reached skill level 5 in Fighting
  2735 | D:4      | Gained mutation: When seriously injured, your bleeding
                  | wounds create thick armour. (AC +9) [demonic ancestry]
  2735 | D:4      | Reached XP level 7. HP: 31/56 MP: 7/7
  3074 | D:5      | Entered Level 5 of the Dungeon
  3156 | D:5      | Found a glowing drain.
  3161 | Sewer    | Entered a sewer
  3505 | D:5      | Reached skill level 5 in Armour
  3883 | D:5      | Reached XP level 8. HP: 25/64 MP: 8/8
  4074 | D:5      | Reached skill level 6 in Fighting
  4074 | D:5      | Reached skill level 5 in Polearms
  4096 | D:5      | Found a staircase to the Ecumenical Temple.
  4102 | Temple   | Entered the Ecumenical Temple
  4140 | Temple   | Became a worshipper of Warmaster Okawaru
  4307 | D:5      | Reached skill level 1 in Invocations
  4650 | D:6      | Reached * piety under Okawaru
  4991 | D:6      | Found a runed translucent door.
  4992 | D:6      | Noticed Crazy Yiuf
  5105 | D:6      | Killed Crazy Yiuf
  5218 | D:6      | Found a burning altar of Makhleb.
  5355 | D:6      | Found a bloodstained altar of Trog.
  5469 | D:7      | Reached XP level 9. HP: 44/71 MP: 12/12
  5477 | D:7      | Reached skill level 7 in Fighting
  5525 | D:7      | Reached ** piety under Okawaru
  5527 | D:7      | Reached skill level 5 in Invocations
  6344 | D:8      | Reached *** piety under Okawaru
  6421 | D:8      | Reached skill level 8 in Fighting
  6656 | D:8      | Noticed a komodo dragon
  6673 | D:8      | Reached XP level 10. HP: 22/80 MP: 15/15
  6674 | D:8      | HP: 4/80 [komodo dragon (19)]
  6679 | D:8      | Demolished by a komodo dragon

Levels and vault maps discovered:
D:1:      roderic_octagonal_star, layout_rooms, minmay_curled_crystal
D:2:      layout_basic, dancing_weapons_uskayaw, first_ration
D:3:      layout_loops_corners, nemelex_xobeh_ov_fountains_minmay, uniq_sigmund,
          uniq_robin
D:4:      layout_gridville, overflow_temple_1_default, nrook_loot_triangle,
          hangedman_decor_points, kennysheep_crisscross, minmay_bisected,
          uniq_duvessa
D:5:      layout_basic, minmay_temple_entry_waves, portal_sewer_entry_e
D:6:      layout_rooms, lightli_temple_of_fire, bloody_makhleb,
          uniq_crazy_yiuf_cottage
D:7:      layout_gridville, grunt_livestock
D:8:      layout_loops_ring, kennysheep_mini, erik_lair_dragon,
          nicolae_tso_besieged_by_evil
Temple:   regret_index_temple_sphere_string

Skill      XL: |  1  2  3  4  5  6  7  8  9 |
---------------+----------------------------+-----
Polearms       | 2 3 4 5 7 |  7.1
Armour         | 3 4 5 6 7 |  7.4
Shields        | 3 |  3.8
Fighting       | 4 5 6 8 |  8.1
Invocations    | 4 6 |  6.9

Action                   |  1- 3 |  4- 6 |  7- 9 | 10-12 || total
-------------------------+-------+-------+-------+-------++-------
Melee: Trident           |   147 |    66 |       |       ||   213
       Scythe            |       |    67 |   281 |     4 ||   352
       Headbutt          |       |    11 |    32 |     1 ||    44
  Use: Scroll            |     5 |     5 |    14 |       ||    24
       Potion            |       |     7 |       |     2 ||     9
  Eat: Chunk             |       |     5 |    15 |       ||    20
Armor: Scale mail        |    52 |    54 |   153 |     3 ||   262
       Skin              |       |    17 |       |       ||    17
Dodge: Dodged            |    37 |    45 |   167 |     1 ||   250
Block: Kite shield       |    61 |    20 |       |       ||    81

Table legend:
 A = Non-vault XP
 B = Vault XP
 C = Vault XP percentage of total XP
 D = Non-vault monster count
 E = Vault monster count
 F = Vault count percentage of total count
                 A         B        C        D         E       F
            +---------+---------+-------+---------+---------+-------
      Total |    3109 |    2579 |  45.3 |     167 |      40 |  19.3
            +---------+---------+-------+---------+---------+-------
        D:1 |      76 |       0 |   0.0 |      37 |       0 |   0.0
        D:2 |      67 |       0 |   0.0 |      25 |       0 |   0.0
        D:3 |     125 |     252 |  66.8 |      27 |       9 |  25.0
        D:4 |      74 |     240 |  76.4 |       6 |       4 |  40.0
        D:5 |     789 |       0 |   0.0 |      22 |       0 |   0.0
        D:6 |     831 |      42 |   4.8 |      22 |       1 |   4.3
        D:7 |     746 |     998 |  57.2 |      20 |       5 |  20.0
        D:8 |     401 |     785 |  66.2 |       8 |       5 |  38.5
      Sewer |       0 |     262 | 100.0 |       0 |      16 | 100.0
            +---------+---------+-------+---------+---------+-------
